Map: Lost and Found LE

Players

Dauntless - Winner!

  • Race: Protoss Protoss
  • Spawn Location: 1:00

BoomTT

  • Race: Terran Terran
  • League: Diamond
  • Spawn Location: 7:00

VOD

Have the link to the VOD?

Description

Time

  • Played on: Sept. 29, 2018, 6:29 p.m.
  • Length: 11:15
Show
View Real Time Build Order
Export as new Build Order

Dauntless Protoss - Winner!

Build Orders:  

Get SALT Encoding   

  12  0:00  Probe  
  13  0:12  Probe  
  14  0:17  Pylon  
  14  0:24  Probe  
  15  0:37  Probe  
  16  0:48  Gateway  
  16  0:49  Probe  
  17  0:50  Gateway  
  17  0:57  Pylon  
  17  1:01  Probe  
  18  1:13  Probe  
  19  1:25  Probe  
  20  1:35  Zealot x2  
  20  1:46  Nexus  
  24  2:01  Zealot x2  
  28  2:10  Probe  
  30  2:22  Probe  
  30  2:35  Pylon  
  30  2:38  Pylon  
  30  2:42  Probe  
  31  2:53  Zealot x2  
  25  4:02  Probe  
  24  4:10  Probe  
  25  4:19  Probe  
  26  4:28  Probe  
  26  4:36  Probe  
  26  4:45  Probe  
  26  4:56  Probe  
  27  5:04  Probe  
  27  5:12  Probe  
  28  5:19  Assimilator  
  27  5:23  Assimilator  
  27  5:24  Probe  
  28  5:34  Cybernetics Core  
  28  5:36  Probe  
  27  5:56  Probe  
  28  6:03  Adept  
  28  6:04  Probe, Adept  
  28  6:06  Warp Gate  
  31  6:12  Probe  
  32  6:22  Probe  
  33  6:28  Adept  
  35  6:35  Probe  
  35  6:47  Probe  
  36  6:48  Shield Battery  
  36  6:51  Probe  
  37  6:56  Adept  
  37  6:59  Sentry  
  41  7:23  Adept  
  41  7:28  Gateway, Pylon  
  43  7:35  Adept  
  45  7:47  Gateway  
  45  7:52  Pylon  
  45  7:56  Pylon  
  44  8:20  Adept x2  
  46  8:35  Adept  
  48  8:43  Adept x3  
  54  9:07  Stalker x4  
  62  9:17  Probe  
  63  9:29  Pylon  
  63  9:33  Pylon  
  63  9:37  Pylon  
  63  9:38  Adept  
  62  9:40  Adept  
  60  9:49  Stalker  
  62  10:08  Stargate  
  62  10:36  Nexus  
  62  10:37  Adept  
  64  10:50  Probe  
  65  11:02  Probe  
Show
View Real Time Build Order
Export as new Build Order

BoomTT Terran 

Build Orders:  

Get SALT Encoding   

  12  0:01  SCV  
  13  0:14  SCV  
  13  0:17  Supply Depot  
  14  0:26  SCV  
  15  0:39  SCV  
  16  0:47  Barracks  
  16  0:49  Refinery  
  16  0:53  SCV  
  17  1:05  SCV  
  18  1:18  SCV  
  20  1:34  Orbital Command  
  20  1:36  Reaper  
  20  1:49  Command Center  
  20  1:53  Refinery  
  20  2:01  SCV  
  21  2:13  SCV  
  21  2:24  Factory  
  21  2:29  Marine  
  22  2:33  SCV  
  22  2:35  Bunker  
  23  3:04  Supply Depot  
  23  3:10  Marine  
  23  3:11  SCV  
  25  3:23  SCV  
  23  3:33  Reaper  
  23  3:35  SCV  
  23  3:47  SCV  
  10  4:30  Reaper  
  4  5:04  Orbital Command  
  2  5:09  Reaper  
  3  5:47  SCV  
  4  5:52  Orbital Command  
  4  5:54  Reaper  
  5  5:59  SCV  
  5  6:03  Factory  
  6  6:11  SCV  
  7  6:19  SCV  
  7  6:24  SCV  
  9  6:28  Refinery  
  9  6:41  SCV  
  9  6:42  SCV  
  11  6:53  SCV  
  12  6:56  Orbital Command, SCV  
  13  7:05  SCV  
  13  7:06  Cyclone  
  17  7:25  SCV  
  19  7:30  SCV  
  19  7:37  SCV  
  19  7:42  SCV  
  19  7:44  Factory Reactor  
  21  7:49  SCV  
  22  7:51  Supply Depot  
  22  8:12  SCV x2  
  24  8:15  Barracks Tech Lab  
  24  8:24  SCV  
  19  8:35  Marine  
  19  8:38  Refinery  
  18  8:51  Widow Mine x2  
  18  9:00  Orbital Command  
  18  9:02  Orbital Command  
  17  9:05  Command Center  
  13  9:12  Widow Mine  
  2  10:22  SCV  
  3  10:43  SCV  
Tags
 
Add a new tag
Caveats
  • Supply blocks, unpowered buildings, or Contaminate may cause inaccurate times.
  • Supply counts are checked every 10 seconds.